 Dungeon Crawl Stone Soup version 0.30.0-13-g156ef70053 (webtiles) character file.

Game seed: 17214128610427990951

458 Kranky the Poker (level 6, -3/53 HPs)
             Began as a Minotaur Gladiator on May 17, 2023.
             Slain by an ogre
             ... wielding a +0 giant club
              (25 damage)
             ... on level 4 of the Dungeon.
             The game lasted 00:03:53 (3027 turns).

Kranky the Poker (Minotaur Gladiator)               Turns: 3027, Time: 00:03:54

Health: -3/53      AC:  6    Str: 20    XL:     6   Next: 77%
Magic:  5/5        EV: 13    Int:  5    God:
Gold:   66         SH:  0    Dex: 12    Spells: 5/5 levels left

rFire   . . .        a - +0 trident
rCold   . . .        (no shield)
rNeg    . . .        b - +0 leather armour
rPois   .            c - +0 hat
rElec   .            (no cloak)
rCorr   .            k - +0 pair of gloves
SInv    .            j - +1 pair of boots
Will    .....        (no amulet)
Stlth   +            (no ring)
HPRegen 0.28/turn    (no ring)
MPRegen 0.09/turn

%: no passive effects
@: no status effects
A: horns 2, retaliatory headbutt
a: no special abilities


You were on level 4 of the Dungeon.
You visited 1 branch of the dungeon, and saw 4 of its levels.

You collected 148 gold pieces.
You spent 82 gold pieces at shops.

Inventory:

Hand Weapons
 a - a +0 trident (weapon)
Missiles
 d - 3 throwing nets (quivered)
 e - a javelin
Armour
 b - a +0 leather armour (worn)
 c - a +0 hat (worn)
 j - a +1 pair of boots (worn)
 k - a +0 pair of gloves (worn)
Wands
 r - a wand of acid (9)
 t - a wand of paralysis (12)
Scrolls
 f - 3 scrolls of teleportation {unknown}
 l - a scroll of magic mapping {unknown}
 o - a scroll of vulnerability {unknown}
 p - a scroll of poison {unknown}
 s - 3 scrolls of identify
Potions
 g - 2 potions of invisibility
 h - a potion of lignification
 i - a potion of heal wounds
 m - 2 potions of attraction
 n - a potion of brilliance {unknown}
 q - 2 potions of degeneration
 u - 2 potions of might
 v - a potion of curing {unknown}


   Skills:
 + Level 4.5 Fighting
 + Level 5.2 Polearms
 + Level 3.6 Throwing
 + Level 3.5 Armour
 + Level 4.7 Dodging


You had 5 spell levels left.
You didn't know any spells.
Your spell library contained the following spells:

 Spells                   Type           Power      Damage    Failure   Level
 Magic Dart               Conj           0%         1d3       52%         1
 Sandblast                Erth           0%         2d4       52%         1
 Call Imp                 Summ           0%         N/A       67%         2
 Passwall                 Tmut/Erth      0%         N/A       67%         2
 Mephitic Cloud           Conj/Pois/Air  0%         N/A       88%         3
 Stone Arrow              Conj/Erth      0%         3d7       88%         3


Dungeon Overview and Level Annotations

Branches:
Dungeon (4/15)             Temple (0/1) D:4

Altars:
Fedhas
Nemelex Xobeh

Shops:
D:2 (   D:3 ?!??

Annotations:
D:4 1 runed translucent door, platinum's ghost, amateur VSBe


Innate Abilities, Weirdness & Mutations

You have a pair of horns on your head.
You reflexively headbutt those who attack you in melee.


Message History

The orc throws a boomerang of dispersal.
The boomerang of dispersal closely misses you.
The orc throws a boomerang of dispersal.
The boomerang of dispersal hits you but does no damage.
You reach to attack!
You hit the orc but do no damage.
The orc throws a boomerang of dispersal.
The boomerang of dispersal barely misses you.
You reach to attack!
You puncture the orc!
You kill the orc!
No target in view!
No target in view!
An ogre comes into view. It is wielding a +0 giant club.
Things that are here:
a +0 whip; 3 boomerangs of dispersal; an orc corpse The ogre shouts!
You see here 11 gold pieces.
Found a spear and a scroll labelled CICOTAGOUN.
You hit the ogre.
The ogre is lightly wounded.
The ogre hits you with a +0 giant club!!
Ouch! That really hurt!
You are too injured to fight recklessly!
You are too injured to fight recklessly!
You are too injured to fight recklessly!
You see here 11 gold pieces.
There is a stone staircase leading up here.
You climb upwards.
There is a stone staircase leading down here.
You start resting.
HP restored.
You climb downwards.
Level annotation: 1 runed translucent door, platinum's ghost, amateur VSBe The ogre hits you with a +0 giant club!!
There is a stone staircase leading up, spattered with blood here.
You barely miss the ogre. Your headbutt misses the ogre.
The ogre hits you with a +0 giant club!
You are too injured to fight recklessly!
You barely miss the ogre.
The ogre hits you with a +0 giant club!!
You die...

###....# #......# ###
###<...## #..###
#......##.....##
#......#........
##..............
###......).......
#.....O..)>......
###....@.......[##
###.....##.....>....
##.......†....#......
##..........####......
#......).....# ......
###..#.##..##..#
......
§Y#..#.#######.# .#...
§W+.....# ...
§§#.....##### ...#


You could see an ogre.

Vanquished Creatures
  A black bear (D:4)
  An ogre (D:3)
  A kobold brigand (D:4)
  A scorpion (D:4)
  An orc priest (D:4)
  2 hounds (D:4)
  2 adders
  A dart slug (D:2)
  2 orcs (D:4)
  2 bats
  7 endoplasms
  9 goblins
  A hobgoblin (D:2)
  4 jackals (D:2)
  2 quokkas
  4 ball pythons
  A frilled lizard (D:2)
  5 kobolds
  7 rats
54 creatures vanquished.

Notes
Turn   | Place    | Note
-------+----------+-------------------------------------------
     0 | D:1      | Kranky the Minotaur Gladiator began the quest for the Orb.
     0 | D:1      | Reached XP level 1. HP: 18/18 MP: 0/0
    93 | D:1      | Reached XP level 2. HP: 20/25 MP: 1/1
   324 | D:1      | Reached skill level 1 in Armour
   854 | D:1      | Reached XP level 3. HP: 26/30 MP: 2/2
  1155 | D:2      | Reached skill level 4 in Polearms
  1193 | D:2      | Found Fauk's Weapon Shop.
  1952 | D:3      | Found Vatowk's Magic Scroll Shoppe.
  1957 | D:3      | Bought a scroll of identify for 28 gold pieces
  1957 | D:3      | Bought a scroll of identify for 28 gold pieces
  1983 | D:3      | Found Cosch's Magic Scroll Shoppe.
  1986 | D:3      | Found a blossoming altar of Fedhas.
  2063 | D:3      | Found a faded altar of an unknown god.
  2188 | D:3      | Found Ysoakh's Distillery.
  2484 | D:3      | Reached XP level 4. HP: 38/38 MP: 3/3
  2484 | D:3      | Found a sparkling altar of Nemelex Xobeh.
  2497 | D:3      | Noticed an ogre
  2501 | D:3      | Killed an ogre
  2502 | D:3      | Reached XP level 5. HP: 45/45 MP: 4/4
  2635 | D:3      | Found Maostryti's Magic Scroll Shop.
  2638 | D:3      | Bought a scroll of identify for 26 gold pieces
  2670 | D:4      | Found a staircase to the Ecumenical Temple.
  2718 | D:4      | Noticed a black bear
  2727 | D:4      | Killed a black bear
  2728 | D:4      | Reached skill level 5 in Polearms
  2728 | D:4      | Reached XP level 6. HP: 29/52 MP: 5/5
  2834 | D:4      | Found a runed translucent door.
  2836 | D:4      | Noticed platinum's ghost (amateur VSBe)
  2836 | D:4      | Noticed a sky beast
  3027 | D:4      | Slain by an ogre

Illustrated notes

Levels and vault maps discovered:
D:1:      elethiomel_arrival_quiet, layout_basic
D:2:      layout_basic, serial_shops, nicolae_shop_tiny_statue_garden,
          minmay_indecisive_spiral
D:3:      layout_basic, mainiacjoe_overflow_tiny_flanked, fedhas_altar_3,
          nicolae_ecumenical_oubliette, serial_shops,
          nicolae_shop_rolling_square, shop, nicolae_shop_tiny_statue_garden,
          nicolae_shop_rolled_up
D:4:      nicolae_cairo_tiling_large_dashed, layout_cave_pools,
          minmay_temple_entry_proselytizer, ebering_ghost_inner_flame

Skill      XL: |  1  2  3  4  5 |
---------------+----------------+-----
Armour         | 1 2 3 |  3.5
Fighting       | 3 4 |  4.5
Polearms       | 4 5 |  5.2
Dodging        | 4 |  4.7
Throwing       | 3 |  3.6

Action                     |  1- 3 |  4- 6 || total
---------------------------+-------+-------++-------
  Melee: Trident           |    88 |    40 ||   128
         Headbutt          |     8 |     9 ||    17
    Use: Scroll            |     3 |     3 ||     6
   Stab: Sleeping          |     1 |       ||     1
 Armour: Leather armour    |    19 |     7 ||    26
  Dodge: Dodged            |    45 |    21 ||    66
